 Dungeon Crawl Stone Soup version 0.31.0-12-g77e489cdc1 (webtiles) character file.

Game seed: 3649918612011871697

1635 Jkl the Carver (level 8, -1/71 HPs)
             Began as a Minotaur Fighter on Feb 26, 2024.
             Slain by an orc warrior
             ... wielding a +1 heavy battleaxe
              (23 damage)
             ... on level 9 of the Dungeon.
             The game lasted 00:19:33 (2589 turns).

Jkl the Carver (Minotaur Fighter)                   Turns: 2589, Time: 00:19:34

Health: -1/71      AC: 10    Str: 23    XL:     8   Next: 66%
Magic:  7/7        EV: 11    Int:  5    God:
Gold:   135        SH:  5    Dex: 10    Spells: 7/7 levels left

rFire   . . .        a - +0 long sword (protect)
rCold   . . .        c - +0 buckler
rNeg    . . .        b - +0 scale mail
rPois   .            (helmet restricted)
rElec   .            (no cloak)
rCorr   +            (no gloves)
SInv    .            e - +1 pair of boots
Will    .....        (no amulet) Stlth
                     j - ring of resist corrosion
HPRegen 0.31/turn    (no ring)
MPRegen 0.10/turn

%: no passive effects
@: no status effects
A: horns 2, retaliatory headbutt
a: no special abilities


You were on level 9 of the Dungeon.
You visited 1 branch of the dungeon, and saw 9 of its levels.

You collected 135 gold pieces.

Inventory:

Hand Weapons
 a - a +0 long sword of protection (weapon)
 m - a +0 sling
Armour
 b - a +0 scale mail (worn)
 c - a +0 buckler (worn)
 e - a +1 pair of boots (worn)
Jewellery
 j - a ring of resist corrosion (left hand)
Scrolls
 g - 2 scrolls of identify
 h - 4 scrolls of blinking
 i - a scroll of teleportation
 l - a scroll of immolation {unknown}
 p - 2 scrolls of amnesia {unknown}
Potions
 n - a potion of attraction {unknown}


   Skills:
 + Level 6.3 Fighting
 + Level 8.5 Long Blades
 + Level 0.2 Staves
 + Level 6.8 Armour
 + Level 4.0 Dodging
 + Level 0.4 Stealth
 + Level 6.0 Shields


You had 7 spell levels left.
You didn't know any spells.
Your spell library contained the following spells:

 Spells                   Type           Power      Damage    Failure   Level
 Scorch                   Fire           0%         2d5       91%         2
 Flame Wave               Conj/Fire      0%         2d4       100%        4
 Summon Cactus Giant      Summ           0%         N/A       100%        6


Dungeon Overview and Level Annotations

Branches:
Dungeon (9/15)             Temple (0/1) D:4
   Lair: D:8-11         Orc: D:9-12

Altars:

Shops:
D:3 [


Innate Abilities, Weirdness & Mutations

You have a pair of horns on your head.
You reflexively headbutt those who attack you in melee.


Message History

* * * LOW HITPOINT WARNING * * *
You see here a +0 flail.
The gnoll closely misses you. The gnoll attacks as it pursues you!
The gnoll hits you but does no damage.
You hit the gnoll.
The gnoll is almost dead.
The gnoll is no longer moving quickly.
The gnoll hits you but does no damage. The gnoll barely misses you.
You hit the gnoll.
You kill the gnoll!
Your attacks no longer feel as feeble.
The gnoll hits you but does no damage.
Your Shields skill increases to level 6!
The gnoll hits you with a +0 halberd!
* * * LOW HITPOINT WARNING * * *
Things that are here:
a +0 whip; a +0 flail You block the gnoll's attack.
You barely miss the gnoll. The gnoll barely misses you.
You furiously retaliate!
You headbutt the gnoll. You hit the gnoll.
The gnoll is heavily wounded.
The gnoll hits you with a +0 halberd.
* * * LOW HITPOINT WARNING * * *
You barely miss the gnoll.
The gnoll is heavily wounded.
The gnoll hits you but does no damage.
You barely miss the gnoll.
The gnoll is heavily wounded.
The gnoll barely misses you. You furiously retaliate!
You headbutt the gnoll!
You kill the gnoll!
Things that are here:
a +0 halberd; a gnoll corpse
Found 10 gold pieces.
An orc warrior comes into view. It is wielding a +1 heavy battleaxe.
The orc warrior shouts!
The orc warrior barely misses you. You furiously retaliate!
You headbutt the orc warrior!
The orc warrior hits you with a +1 heavy battleaxe!!
You die...

.... ....... ...#
....... ...# .......
...#....... ..........
......... #.o......
###@.....# ###
###.....##... #..####
##..)..#..#
......#####.)).###...#
#.#....(.....### $..#
#.###......### .....
#....?..### ....
#.......## ....
#.####.).# ..


You could see an orc warrior.

Vanquished Creatures
  3 yaks (D:9)
  2 wyverns
  An orc warrior (D:9)
  2 phantoms
  A kobold brigand (D:7)
  A bullfrog (D:7)
  A scorpion (D:6)
  3 howler monkeys
  A jelly (D:6)
  2 orc priests (D:3)
  A gnoll bouda (D:9)
  A hound (D:6)
  An orc wizard (D:3)
  4 gnolls (D:9)
  6 adders
  A white imp (D:6)
  4 ufetubi (D:5)
  9 orcs
  6 bats
  3 endoplasms (D:1)
  A giant cockroach (D:1)
  3 goblins (D:1)
  2 hobgoblins
  3 jackals (D:4)
  10 kobolds
  A quokka (D:4)
  7 ball pythons
  3 frilled lizards
  2 rats (D:1)
85 creatures vanquished.

Notes
Turn   | Place    | Note
-------+----------+-------------------------------------------
     0 | D:1      | Jkl the Minotaur Fighter began the quest for the Orb.
     0 | D:1      | Reached XP level 1. HP: 19/19 MP: 0/0
   113 | D:1      | Reached XP level 2. HP: 25/27 MP: 1/1
   935 | D:3      | Reached XP level 3. HP: 20/33 MP: 2/2
   939 | D:3      | Reached skill level 3 in Long Blades
   948 | D:3      | Reached XP level 4. HP: 22/41 MP: 3/3
   957 | D:3      | Reached skill level 1 in Dodging
  1299 | D:3      | Found Dohoanum's Antique Armour Boutique.
  1527 | D:4      | Found a staircase to the Ecumenical Temple.
  1542 | D:4      | Reached XP level 5. HP: 47/47 MP: 4/4
  1666 | D:5      | Entered Level 5 of the Dungeon
  1788 | D:6      | Reached skill level 4 in Long Blades
  1846 | D:6      | Noticed a phantom
  1861 | D:6      | Killed a phantom
  1862 | D:6      | Reached skill level 5 in Armour
  1862 | D:6      | Reached XP level 6. HP: 46/55 MP: 5/5
  1908 | D:6      | Reached skill level 5 in Long Blades
  2062 | D:7      | Reached skill level 5 in Fighting
  2066 | D:7      | Reached XP level 7. HP: 37/61 MP: 6/6
  2091 | D:7      | Reached skill level 5 in Shields
  2126 | D:7      | Noticed a wyvern
  2141 | D:7      | Killed a wyvern
  2142 | D:7      | Reached skill level 6 in Long Blades
  2297 | D:9      | Noticed a yak
  2304 | D:9      | Noticed a yak
  2306 | D:9      | Noticed a yak
  2321 | D:9      | Killed a yak
  2322 | D:9      | Reached skill level 7 in Long Blades
  2322 | D:9      | Reached XP level 8. HP: 17/70 MP: 7/7
  2370 | D:9      | Reached skill level 8 in Long Blades
  2589 | D:9      | Slain by an orc warrior

Illustrated notes

Levels and vault maps discovered:
D:1:      sevenhm_arrival_forest_fort_small_3, layout_basic, serial_shops,
          nicolae_shop_statue_plus, kennysheep_flooded_box
D:2:      layout_loops_ring
D:3:      layout_loops_cross, serial_shops, shop
D:4:      layout_basic, minmay_temple_entry_sparse_star,
          mainiacjoe_sewer_entry_somewhere_in_here_1, dreamdust_gnoll_farm,
          uniq_edmund
D:5:      layout_rooms, minitemple, nicolae_ossuary_entry_monument,
          minmay_lizard_king, uniq_sigmund
D:6:      minmay_chambers_of_sixes, layout_layer_cave,
          dreamdust_mushroom_princess
D:7:      layout_basic, enter_bailey_4, uniq_jeremiah
D:8:      layout_loops_corners, lair_entry_dummy, serial_co_window_serial,
          co_window_paths_a, co_window_paths_a, co_window_paths_a,
          co_window_corner_a, co_window_paths_a, co_window_paths_b,
          co_window_unsneaky_path_c, co_window_2corner, co_window_broadway_c,
          co_window_broadway_c, co_window_2corner, co_window_cross_2,
          co_window_4corner_b, uniq_psyche, uniq_grum, uniq_prince_ribbit1,
          uniq_erica, uniq_maggie, uniq_pikel
D:9:      layout_layer_cave, elyvilon_altar_5, erik_orc_3

Skill      XL: |  1  2  3  4  5  6  7  8 |
---------------+-------------------------+-----
Fighting       | 4 5 6 |  6.3
Shields        | 4 5 6 |  6.0
Armour         | 4 5 6 |  6.8
Long Blades    | 3 4 5 7 8 |  8.5
Dodging        | 1 2 3 4 |  4.0
Staves         | |  0.2
Stealth        | |  0.4

Action                     |  1- 3 |  4- 6 |  7- 9 || total
---------------------------+-------+-------+-------++-------
  Melee: Long sword        |    46 |    86 |   114 ||   246
         Staff             |    21 |       |       ||    21
         Headbutt          |     7 |    16 |    23 ||    46
    Use: Potion            |     1 |       |     4 ||     5
         Scroll            |     1 |     2 |     2 ||     5
 Armour: Scale mail        |    51 |   126 |   118 ||   295
  Dodge: Dodged            |    39 |    80 |    92 ||   211
  Block: Buckler           |    19 |    41 |    30 ||    90
